 Dungeon Crawl Stone Soup version 0.29-a0-352-g0917bc69df (webtiles) character file.

Game seed: 4407857984467250542

1680 Dauddaud the Cleaver (level 8, -6/64 HPs)
             Began as a Minotaur Berserker on Apr 23, 2022.
             Was an Elder of Trog.
             Killed from afar by an electric eel (8 damage)
             ... with a bolt of electricity
             ... on level 6 of the Dungeon.
             The game lasted 00:09:16 (5963 turns).

Dauddaud the Cleaver (Minotaur Berserker)           Turns: 5963, Time: 00:09:16

Health: -6/64      AC: 12    Str: 25    XL:     8   Next: 70%
Magic:  7/7        EV:  7    Int:  4    God:    Trog [****..]
Gold:   343        SH:  0    Dex: 15    Spells: 7/7 levels left

rFire   . . .      SeeInvis .   a - +0 hand axe
rCold   . . .      Faith    .   (no shield)
rNeg    . . .      Spirit   .   e - +1 plate armour
rPois   .          Reflect  .   (helmet restricted)
rElec   .          Harm     .   (no cloak)
rCorr   .          Rampage  .   (no gloves)
Will    .....                   (no boots)
Stlth   ..........              (no amulet)
HPRegen 0.20/turn               u - +4 ring of slaying
MPRegen 0.10/turn               z - +6 ring of dexterity

@: on berserk cooldown, slowed, very slow
A: horns 2, retaliatory headbutt
a: Renounce Religion, Berserk, Trog's Hand, Brothers in Arms


You were on level 6 of the Dungeon.
You worshipped Trog.
Trog was greatly pleased with you.
You visited 1 branch of the dungeon, and saw 6 of its levels.
You also visited: Sewer and Ossuary.

You collected 343 gold pieces.

Inventory:

Hand Weapons
 a - a +0 hand axe (weapon)
Armour
 b - a +0 animal skin
 e - a +1 plate armour (worn)
Jewellery
 u - a +4 ring of slaying (left hand)
 z - a +6 ring of dexterity (right hand)
Wands
 w - a wand of polymorph (10)
 y - a wand of paralysis (4)
Scrolls
 c - a scroll of amnesia
 f - a scroll of noise {unknown}
 h - 4 scrolls of teleportation
 i - a scroll of immolation {unknown}
 j - a scroll of vulnerability {unknown}
 k - 2 scrolls of blinking {unknown}
 o - 2 scrolls of enchant armour
 q - a scroll of torment
 A - 2 scrolls of fog
 B - a scroll of enchant weapon
Potions
 d - 5 potions of degeneration {unknown}
 g - 2 potions of berserk rage {unknown}
 l - a potion of resistance {unknown}
 m - 4 potions of curing {unknown}
 n - a potion of lignification {unknown}
 p - 2 potions of magic {unknown}
 r - 2 potions of heal wounds {unknown}
 s - a potion of invisibility {unknown}
 t - 2 potions of haste {unknown}
 v - a potion of might {unknown}
 x - 3 potions of brilliance {unknown}


   Skills:
 - Level 3.6 Fighting
 + Level 13.6 Axes
 - Level 2.4 Armour
 - Level 2.1 Dodging


You had 7 spell levels left.
You didn't know any spells.
Your spell library was empty.

Dungeon Overview and Level Annotations

Branches:
Dungeon (6/15)              Sewer (visited)         Ossuary (visited)
 Temple: D:4-7

Altars:
Dithmenos
Kikubaaqudgha
Trog
Uskayaw

Shops:
D:3 [


Innate Abilities, Weirdness & Mutations

You have a pair of horns on your head.
You reflexively headbutt those who attack you in melee.


Message History

The ogre is almost dead.
An orc comes into view. It is wielding a +0 falchion.
A phantom comes into view.
A red film seems to cover your vision as you go berserk!
You feel yourself moving faster!
You feel mighty!
The orc shouts!
The ogre hits you with a +0 giant club!!
* * * LOW HITPOINT WARNING * * *
You slice the ogre!!
You kill the ogre!
Trog accepts your kill.
You feel a strong urge to attack something.
The phantom hits you but does no damage.
You slash the phantom!
The phantom is heavily damaged.
You barely miss the phantom.
The phantom is heavily damaged.
You slice the phantom!!
You destroy the phantom!
Trog accepts your kill. The orc hits you with a +0 falchion.
* * * LOW HITPOINT WARNING * * *
You slash the orc!
You kill the orc!
Trog accepts your kill.
An ogre comes into view. It is wielding a +0 giant spiked club.
The ogre shouts!
Things that are here:
a +0 falchion; an orc corpse An ogre is nearby!
You feel a strong urge to attack something.
You are no longer berserk.
You are exhausted.
You feel yourself slow down.
There is a stone staircase leading down here.
The ogre hits you with a +0 giant spiked club!
* * * LOW HITPOINT WARNING * * *
The electric eel shoots out a bolt of lightning at you!
The bolt of electricity hits you!
You die...

*,***≈≈≈≈≈≈≈≈≈≈***** #....
*,*≈≈≈≈≈≈≈≈≈≈≈≈≈≈≈≈##########....
,,≈≈≈≈≈≈≈≈≈≈≈≈P≈≈≈≈♣.............
,,*≈≈,≈≈≈≈≈P≈≈≈≈≈≈≈##########....
,,,≈,,,,≈≈≈.≈≈S♣**** #....
,,,,,,,,,.......* ##....
*≈≈≈,,,≈,.......############.>...
***≈≈≈≈≈≈..≈≈..$.)...........####
*≈*≈≈≈≈≈P≈≈≈♣..@.)..............
****≈≈*≈≈≈♣≈..O###...###########
*******♣...#* ##..####### *
*********♣..##.* ##.......#****
,,,,,,,,,..,*#.* #...###..,,,<
*****,,,,.,,*#,* ###.#**,^,,,,
*,,,,,,,,,,* *,...,,***,,
******,,,*** **,.##.,,,,,*
*,,,,********>,,.,,..,,,,


You could see an ogre and an electric eel.

Vanquished Creatures
  A shadow (D:5)
  A water moccasin (D:5)
  A sky beast (D:6)
  An ice beast (D:6)
  Pargi (Sewer)
  An ogre (D:6)
  A phantom (D:6)
  A bullfrog (D:6)
  A necrophage (D:6)
  3 water moccasin zombies (Ossuary)
  3 scorpions
  A jelly (D:6)
  3 hounds (D:5)
  Natasha (thrice) (D:2)
  An iguana (D:5)
  3 mummies
  4 gnolls (D:4)
  9 adders
  A river rat (D:3)
  3 adder zombies (Ossuary)
  3 worms
  2 dart slugs (D:1)
  3 orcs
  10 ball pythons
  3 endoplasms
  6 giant cockroaches
  8 hobgoblins
  7 jackals (D:1)
  8 quokkas
  5 bats
  2 frilled lizards (Sewer)
  A gnoll zombie (Ossuary)
  6 goblins
  2 hobgoblin zombies (Ossuary)
  11 kobolds
  3 kobold zombies
  5 orc zombies (Ossuary)
  4 rats
132 creatures vanquished.

Vanquished Creatures (others)
  A plant (D:6)
1 creature vanquished.

Grand Total: 133 creatures vanquished

Notes
Turn   | Place    | Note
-------+----------+-------------------------------------------
     0 | D:1      | Dauddaud the Minotaur Berserker began the quest for the
                  | Orb.
     0 | D:1      | Reached XP level 1. HP: 19/19 MP: 0/0
    17 | D:1      | Reached skill level 4 in Axes
   169 | D:1      | Reached XP level 2. HP: 26/26 MP: 1/1
   537 | D:1      | Reached skill level 5 in Axes
   605 | D:1      | Reached ** piety under Trog
   613 | D:1      | Reached XP level 3. HP: 27/31 MP: 2/2
   794 | D:1      | You fall into a shaft and drop 1 floor!
  1320 | D:2      | Noticed Natasha
  1328 | D:2      | Killed Natasha
  1329 | D:2      | Reached skill level 6 in Axes
  1329 | D:2      | Reached XP level 4. HP: 29/39 MP: 3/3
  1412 | D:2      | Found a hide-covered altar of Uskayaw.
  1455 | D:2      | Found a faded altar of an unknown god.
  1538 | D:2      | Noticed Natasha
  1547 | D:2      | Killed Natasha
  1792 | D:2      | Noticed Natasha
  1806 | D:2      | Killed Natasha
  1807 | D:2      | Reached skill level 7 in Axes
  1807 | D:2      | Reached XP level 5. HP: 28/45 MP: 4/4
  2183 | D:3      | Found a glowing drain.
  2215 | Sewer    | Entered a sewer
  2428 | Sewer    | Noticed Pargi
  2439 | Sewer    | Killed Pargi
  2440 | Sewer    | Reached skill level 8 in Axes
  2440 | Sewer    | Reached XP level 6. HP: 50/51 MP: 5/5
  2566 | D:3      | Found Noibumec's Antique Armour Shoppe.
  2568 | D:3      | Reached *** piety under Trog
  3653 | D:4      | Reached skill level 9 in Axes
  4054 | D:5      | Entered Level 5 of the Dungeon
  4241 | D:5      | Noticed a water moccasin
  4246 | D:5      | Killed a water moccasin
  4247 | D:5      | Reached XP level 7. HP: 49/57 MP: 6/6
  4325 | D:5      | Reached skill level 10 in Axes
  4456 | D:5      | Noticed a shadow
  4469 | D:5      | Killed a shadow
  4470 | D:5      | Reached skill level 11 in Axes
  4912 | D:5      | Found a shadowy altar of Dithmenos.
  5154 | D:5      | Found an ancient bone altar of Kikubaaqudgha.
  5467 | D:6      | Found a bloodstained altar of Trog.
  5480 | D:6      | Reached XP level 8. HP: 64/64 MP: 7/7
  5508 | D:6      | Found a sand-covered staircase.
  5517 | Ossuary  | Entered an ossuary
  5628 | Ossuary  | Reached skill level 12 in Axes
  5691 | Ossuary  | Reached **** piety under Trog
  5930 | D:6      | Reached skill level 13 in Axes
  5963 | D:6      | HP: 2/64 [ogre/+0 giant spiked club (13)]
  5963 | D:6      | Killed from afar by an electric eel

Illustrated notes

Levels and vault maps discovered:
D:1:      dpeg_arrival_court, layout_loops_ring, moated_statue,
          minmay_split_cup_large
D:2:      layout_rooms, basic_altar, shapermc_ecumenical_altar_notcrosses,
          uniq_natasha
D:3:      layout_loops_ring, gup_sewer_entry_spiral, serial_shops,
          nicolae_shop_overgrown_old_shop, st_stairs_7, minmay_diced_spiral
D:4:      layout_loops_cross
D:5:      layout_layer_cave, mainiacjoe_overflow_alcove_1, kennysheep_little_box
D:6:      layout_rooms, lightli_temple_of_fire, nicolae_ossuary_entry_giza,
          serial_bayou_ford_a

Skill      XL: |  1  2  3  4  5  6  7  8 |
---------------+-------------------------+-----
Axes           | 4 5 6 7 8 9 11 13 | 13.6
Fighting       | |  3.6
Armour         | |  2.4
Dodging        | |  2.1

Action                   |  1- 3 |  4- 6 |  7- 9 || total
-------------------------+-------+-------+-------++-------
Melee: Hand axe          |    91 |   219 |   108 ||   418
       Headbutt          |     9 |    21 |    21 ||    51
       Punch             |     1 |     1 |     4 ||     6
Invok: Berserk           |       |       |     1 ||     1
  Use: Scroll            |       |     2 |     6 ||     8
Armor: Animal skin       |     4 |       |       ||     4
       Plate armour      |    58 |   110 |    36 ||   204
Dodge: Dodged            |    30 |    67 |    19 ||   116

Table legend: (Time is in decaauts)
 A = Elapsed time spent in this place.
 B = Non-inter-level travel time spent in this place.
 C = Inter-level travel time spent in this place.
 D = Time resting spent in this place.
 E = Time spent auto-exploring this place.
 F = Levels seen in this place.
 G = Mean time per level.
                   A        B        C        D        E       F      G
               +--------+--------+--------+--------+--------+-----+--------+
         Total |   5978 |   5903 |     75 |    702 |   4282 |   8 |  747.2 |
       Dungeon |   5426 |   5351 |     75 |    519 |   4023 |   6 |  904.3 |
         Sewer |    277 |    277 |      0 |    131 |     96 |   1 |  277.0 |
       Ossuary |    274 |    274 |      0 |     52 |    163 |   1 |  274.0 |
               +--------+--------+--------+--------+--------+-----+--------+

Top non-repeatable levels by time:
     D:5: 1375 daAuts
     D:1: 1096 daAuts
     D:2: 1007 daAuts
     D:3: 906 daAuts
     D:4: 817 daAuts
   Sewer: 277 daAuts
 Ossuary: 274 daAuts
     D:6: 222 daAuts
